Map: 16-Bit LE

Players

uThermal

  • Race: Terran Terran
  • Spawn Location: 1:00

Snute - Winner!

  • Race: Zerg Zerg
  • Spawn Location: 7:00

Event: WCS Valencia 2018

VOD

Have the link to the VOD?

Description

Time

  • Played on: July 13, 2018, 8:21 a.m.
  • Length: 20:12

All games in this series

Show
View Real Time Build Order
Export as new Build Order

uThermal Terran 

Build Orders: Hellion Opening, Reaper Expand, Bio Tank 

Get SALT Encoding   

  12  0:02  SCV  
  13  0:14  SCV  
  14  0:19  Supply Depot  
  14  0:26  SCV  
  15  0:40  SCV  
  15  0:41  Barracks  
  16  0:45  Refinery  
  16  0:53  SCV  
  17  1:05  SCV  
  18  1:17  SCV  
  19  1:28  Reaper  
  19  1:29  Orbital Command  
  20  1:43  Command Center  
  20  1:51  Supply Depot  
  20  1:54  SCV  
  20  2:00  Marine  
  22  2:06  SCV  
  23  2:10  Factory  
  23  2:16  Refinery  
  23  2:19  SCV  
  23  2:21  Barracks Reactor  
  24  2:31  SCV  
  25  2:43  SCV  
  26  2:55  SCV  
  26  2:56  Starport, Orbital Command  
  27  3:04  Barracks Tech Lab, Hellion x2  
  31  3:07  SCV  
  32  3:16  Supply Depot  
  32  3:19  SCV  
  33  3:21  SCV  
  33  3:25  Hellion x2  
  38  3:31  SCV  
  38  3:33  SCV  
  40  3:40  Raven  
  42  3:43  SCV  
  42  3:45  SCV  
  44  3:51  Hellion x2  
  44  3:55  Barracks Tech Lab, SCV  
  48  3:56  Supply Depot  
  49  4:08  SCV  
  49  4:09  Command Center  
  50  4:15  Hellion x2  
  54  4:17  SCV  
  54  4:20  SCV  
  54  4:23  Raven  
  58  4:29  Supply Depot, SCV  
  59  4:32  SCV  
  59  4:36  Marine  
  59  4:37  Stimpack  
  60  4:42  SCV  
  61  4:50  SCV  
  61  4:51  Barracks  
  62  4:53  Supply Depot, Barracks  
  62  4:54  SCV, Marine  
  62  4:55  Factory Reactor  
  64  5:02  SCV  
  64  5:06  SCV  
  66  5:12  Marine, Engineering Bay  
  66  5:13  Refinery x2, Engineering Bay  
  63  5:15  SCV  
  63  5:18  SCV  
  65  5:22  Starport Reactor  
  65  5:27  SCV  
  66  5:30  SCV, Marine  
  68  5:39  SCV  
  68  5:40  Terran Infantry Armor Level 1, Terran Infantry Weapons Level 1  
  68  5:41  Barracks  
  68  5:42  SCV, Barracks  
  70  5:44  Marine  
  70  5:45  Marine  
  70  5:47  Marine  
  73  5:50  Marine  
  73  5:51  SCV, Marine  
  73  5:55  Siege Tank  
  79  5:57  SCV  
  79  6:01  Orbital Command  
  79  6:02  Marine  
  79  6:03  SCV, Marine  
  83  6:05  Marine  
  83  6:11  Medivac  
  86  6:12  Supply Depot  
  86  6:14  Medivac  
  86  6:15  SCV  
  86  6:16  Marine  
  90  6:22  Armory, SCV  
  90  6:24  Marine  
  90  6:25  Marine  
  93  6:32  Supply Depot  
  93  6:33  Supply Depot, Barracks Reactor  
  93  6:34  SCV x2  
  93  6:35  SCV, Barracks Reactor  
  93  6:37  Marine x2  
  98  6:40  Combat Shields  
  98  6:43  Siege Tank  
  101  6:53  Supply Depot  
  101  6:54  Supply Depot, SCV x3, Marine x2  
  101  6:55  Marine  
  101  7:01  Factory, Refinery  
  107  7:03  Refinery  
  107  7:05  Marine  
  107  7:06  Supply Depot, SCV, Missile Turret, Marine  
  110  7:09  Medivac  
  110  7:10  Medivac  
  110  7:14  SCV  
  115  7:19  SCV  
  115  7:21  SCV  
  115  7:22  Marine x2  
  118  7:23  Marine x4  
  118  7:24  Siege Tank  
  109  7:41  Marine x9  
  112  7:46  Factory Tech Lab  
  112  7:56  Siege Tank  
  115  7:59  Marine x3  
  115  8:00  Terran Infantry Weapons Level 2, Terran Infantry Armor Level 2  
  115  8:02  Command Center, Marine x2  
  115  8:03  Marine  
  121  8:08  SCV  
  121  8:09  Marine  
  121  8:10  Marine  
  121  8:11  Marine  
  125  8:13  Siege Tank  
  125  8:17  Marine  
  129  8:22  Marine  
  129  8:25  Marine x2  
  129  8:26  Marine  
  133  8:31  Missile Turret, Marine x2  
  133  8:32  Supply Depot  
  135  8:38  Marine  
  135  8:39  Marine x2  
  135  8:40  Marine  
  135  8:41  Medivac  
  141  8:47  Terran Vehicle Weapons Level 1  
  141  8:49  Supply Depot  
  141  8:53  Thor, Marine, Supply Depot  
  148  9:03  Liberator  
  148  9:04  SCV  
  148  9:05  Missile Turret  
  148  9:06  Liberator  
  148  9:07  Missile Turret  
  149  9:10  Thor, SCV, Marine x2  
  149  9:14  Planetary Fortress  
  163  9:27  SCV  
  163  9:28  Marine x2  
  163  9:29  Marine  
  167  9:36  SCV  
  167  9:38  Supply Depot  
  167  9:42  Marine x3  
  167  9:45  Liberator, Supply Depot, Marine x3  
  171  9:49  Liberator, Marine x2  
  171  9:58  Siege Tank, Marine  
  175  10:00  Marine x3  
  175  10:03  Marine  
  175  10:05  Siege Tank  
  188  10:09  Marine  
  188  10:17  Marine x2  
  188  10:18  Marine x2  
  188  10:20  Marine  
  166  10:30  Marine  
  166  10:31  Supply Depot  
  166  10:32  Supply Depot  
  165  10:53  SCV, Marine x3, Siege Tank  
  165  10:54  Supply Depot  
  172  11:03  Terran Infantry Weapons Level 3  
  172  11:06  Supply Depot  
  172  11:15  Marine x5  
  172  11:16  Siege Tank  
  180  11:21  Terran Infantry Armor Level 3  
  180  11:24  Missile Turret, Marine  
  180  11:27  SCV x2, Medivac x2, Marine x2  
  180  11:30  Sensor Tower  
  188  11:36  Terran Ship Weapons Level 1  
  188  11:42  SCV, Marine  
  188  11:48  Supply Depot  
  188  12:05  Medivac x2, Marine x6  
  188  12:06  Marine  
  188  12:07  Marine  
  179  12:09  Supply Depot  
  178  12:23  Marine x3  
  178  12:29  Marine  
  176  12:30  Marine x4, Siege Tank  
  176  12:35  Medivac x2  
  182  12:41  Marine x3  
  185  12:47  Marine x3  
  185  12:48  Marine x2  
  153  12:58  Marine x3  
  153  13:01  Factory Tech Lab  
  153  13:02  Thor  
  153  13:04  Barracks  
  153  13:05  Marine x4, Barracks x2  
  162  13:06  Marine  
  167  13:16  Marine x3  
  170  13:23  Marine x3  
  170  13:24  Thor  
  170  13:26  Medivac x2, Marine  
  170  13:27  Marine  
  184  13:34  Marine  
  184  13:38  Command Center  
  185  13:45  Siege Tank  
  188  13:51  Marine  
  188  13:52  Marine  
  190  13:56  Marine  
  190  14:00  Marine  
  190  14:01  Marine  
  193  14:04  Marine x2  
  193  14:05  Marine x2  
  197  14:10  Marine x2  
  197  14:12  Marine x2  
  200  14:24  Marine  
  189  14:26  Marine  
  189  14:27  Liberator x2, Marine  
  189  14:28  Marine  
  189  14:30  Marine  
  189  14:32  Marine  
  189  14:33  Marine  
  165  14:42  Marine x2  
  165  14:45  Siege Tank x2, Marine x2  
  172  14:48  Barracks Tech Lab x3  
  172  14:49  Marine  
  170  14:59  Marine x2  
  172  15:02  Marine x2, Marauder  
  172  15:04  Building Armor  
  172  15:05  Marine x2  
  178  15:10  Liberator x2, Marine x2  
  178  15:11  Marauder  
  178  15:14  Marine  
  183  15:15  Starport  
  183  15:16  Fusion Core  
  183  15:17  Hellion  
  185  15:24  Marauder  
  185  15:27  Marine x2  
  192  15:34  Marine x2  
  192  15:35  Marauder  
  194  15:43  Marine x2  
  194  15:44  Marine  
  194  15:47  Marine x2  
  199  15:51  Marine  
  199  15:56  Marine  
  199  16:00  Liberator, Starport Tech Lab  
  199  16:01  Marine x2  
  199  16:02  Marauder  
  199  16:04  Marine x2  
  199  16:16  Command Center  
  199  16:19  Liberator, Marine  
  199  16:25  Marine, Marauder  
  199  16:29  Terran Ship Weapons Level 2  
  190  16:34  Marine, Marauder  
  199  17:01  Marine  
  200  17:02  Liberator  
  199  17:11  Liberator  
  199  17:14  Marine  
  186  17:18  Marine x3  
  186  17:19  Marauder  
  194  17:27  Marine  
  194  17:28  Marauder  
  194  17:29  Fusion Core, Missile Turret  
  200  17:30  Missile Turret x2, Starport Tech Lab  
  200  17:46  Liberator  
  200  17:48  Liberator  
  200  17:54  Liberator  
  186  18:05  Marine  
  138  18:06  Marauder  
  138  18:07  Marine x3, Marauder  
  138  18:09  Marine x2  
  138  18:10  Marauder  
  138  18:12  Marine  
  132  18:19  Siege Tank  
  122  18:31  Siege Tank  
  120  18:43  Marine  
  120  18:44  Marine, Marauder  
  117  18:57  Marine  
  115  19:03  Marine x2  
  115  19:04  Marine  
  115  19:09  SCV  
  119  19:13  SCV  
  120  19:21  SCV  
  120  19:22  SCV x2  
  113  19:37  Marine  
  120  19:39  Marine  
  120  19:40  Marine, Marauder  
Show
View Real Time Build Order
Export as new Build Order

Snute Zerg - Winner!

Build Orders: Hatch First, Muta Ling Bane 

Get SALT Encoding   

  12  0:00  Drone  
  13  0:12  Overlord  
  13  0:17  Drone  
  14  0:31  Drone x2  
  14  0:34  Drone  
  17  0:52  Hatchery  
  17  0:56  Drone  
  17  0:59  Drone  
  17  1:03  Extractor  
  17  1:15  Spawning Pool  
  17  1:18  Drone  
  17  1:21  Drone  
  18  1:28  Drone  
  19  1:39  Overlord  
  19  1:49  Drone  
  20  2:01  Queen  
  20  2:02  Zergling x2  
  20  2:04  Metabolic Boost  
  20  2:06  Queen  
  25  2:10  Zergling x2  
  25  2:13  Zergling x2  
  27  2:16  Drone  
  28  2:23  Drone  
  29  2:33  Drone x2  
  29  2:37  Queen  
  31  2:41  Overlord  
  31  2:43  Drone  
  34  2:48  Drone  
  35  2:54  Overlord  
  35  3:00  Drone  
  35  3:05  Drone  
  37  3:07  Queen  
  37  3:09  Drone  
  37  3:10  Drone x3  
  43  3:15  Drone x3  
  46  3:28  Hatchery  
  45  3:35  Drone x3  
  45  3:37  Drone  
  45  3:38  Drone  
  50  3:47  Zergling x4  
  52  3:55  Extractor, Overlord  
  52  3:58  Overlord  
  52  3:59  Drone  
  52  4:03  Overlord  
  52  4:05  Overlord  
  52  4:10  Lair  
  52  4:14  Queen  
  52  4:15  Zergling x4  
  56  4:21  Drone x2  
  56  4:22  Drone x2  
  60  4:24  Drone  
  60  4:25  Drone  
  60  4:27  Drone  
  63  4:32  Drone  
  63  4:35  Drone  
  65  4:40  Drone  
  65  4:43  Zergling x2  
  67  4:46  Zergling x2  
  67  4:49  Baneling Nest, Queen  
  67  4:51  Overlord  
  67  4:52  Evolution Chamber  
  68  4:54  Evolution Chamber  
  68  4:55  Drone  
  68  4:56  Drone x2  
  68  4:58  Drone  
  71  5:07  Drone x2  
  71  5:08  Drone  
  73  5:14  Drone x2  
  73  5:17  Drone  
  73  5:19  Zerg Ground Armor Level 1  
  73  5:20  Zerg Melee Weapons Level 1  
  76  5:22  Drone x3  
  76  5:23  Drone  
  76  5:24  Extractor  
  76  5:25  Drone x2, Queen  
  76  5:26  Extractor  
  76  5:27  Extractor, Drone  
  82  5:29  Drone  
  82  5:30  Drone  
  82  5:31  Extractor  
  83  5:40  Zergling x6  
  86  5:48  Drone x2  
  87  5:53  Drone x4  
  89  5:58  Spire  
  89  6:00  Drone x2  
  89  6:01  Overlord, Hatchery  
  89  6:04  Centrifical Hooks  
  89  6:13  Drone  
  89  6:15  Hatchery  
  89  6:17  Drone  
  90  6:23  Overlord  
  90  6:26  Overlord  
  90  6:27  Drone  
  90  6:28  Drone x4  
  95  6:35  Zergling x6  
  98  6:42  Spore Crawler  
  98  6:43  Drone  
  98  6:44  Zergling x2, Spore Crawler, Drone  
  98  6:45  Zergling x6  
  102  6:52  Zergling x10  
  107  7:04  Drone  
  107  7:05  Drone x4  
  107  7:06  Drone  
  107  7:07  Drone  
  114  7:12  Overlord x3  
  114  7:13  Zerg Flyer Weapons Level 1  
  114  7:14  Zerg Ground Armor Level 2, Zerg Melee Weapons Level 2  
  114  7:16  Baneling x6  
  114  7:17  Baneling x5  
  114  7:18  Baneling  
  114  7:21  Baneling x6  
  114  7:22  Baneling x3  
  114  7:24  Zergling x2  
  114  7:25  Zergling x2  
  110  7:43  Mutalisk  
  110  7:44  Mutalisk x5  
  104  7:46  Drone x5  
  104  7:47  Drone  
  122  7:54  Drone  
  122  7:57  Zergling x14  
  128  7:59  Hatchery  
  127  8:07  Zergling x2  
  127  8:08  Zergling x20  
  138  8:12  Baneling  
  138  8:13  Baneling x10  
  138  8:16  Zergling x4  
  138  8:19  Zergling x6  
  143  8:24  Zergling x2  
  143  8:25  Zergling x10  
  149  8:27  Overlord  
  149  8:32  Baneling x3  
  142  8:42  Zergling x20  
  142  8:43  Zergling x4  
  142  8:46  Baneling x12  
  142  8:48  Zergling x8  
  150  8:52  Baneling x2  
  150  8:53  Baneling x10  
  150  8:59  Mutalisk x2  
  150  9:00  Mutalisk  
  156  9:08  Baneling x5  
  156  9:17  Queen  
  156  9:18  Queen  
  156  9:19  Infestation Pit, Queen  
  161  9:26  Zergling x2  
  161  9:27  Zergling x2  
  161  9:28  Overlord x3  
  163  9:32  Spore Crawler  
  163  9:33  Spore Crawler  
  161  9:41  Zerg Flyer Weapons Level 2  
  161  9:51  Burrow  
  153  9:54  Mutalisk  
  153  9:55  Mutalisk x3  
  153  9:58  Zergling x30  
  153  9:59  Overlord x2  
  174  10:04  Overlord  
  169  10:18  Zergling x6  
  169  10:19  Zergling x26  
  164  10:28  Zergling x8  
  164  10:29  Zergling x6  
  164  10:33  Zergling x8  
  169  10:37  Baneling x20  
  169  10:38  Baneling x7  
  164  10:43  Corruptor, Hatchery  
  164  10:46  Zergling x2  
  164  10:47  Zergling x14  
  174  10:56  Zergling x2  
  174  10:57  Zergling x12  
  181  11:02  Corruptor x2  
  183  11:10  Zergling x12  
  189  11:18  Hive  
  189  11:20  Drone x2  
  191  11:28  Overlord  
  191  11:33  Zergling x14  
  183  11:50  Zergling x2  
  183  11:51  Zergling x30  
  199  12:02  Baneling x2  
  199  12:03  Baneling x12  
  199  12:07  Baneling x6  
  198  12:09  Zergling x2  
  198  12:10  Zergling x2  
  185  12:31  Zergling x30  
  185  12:34  Zerg Melee Weapons Level 3, Zerg Ground Armor Level 3  
  185  12:36  Ultralisk Cavern  
  175  12:53  Zergling x28  
  164  12:59  Baneling x23  
  164  13:00  Baneling x4  
  164  13:01  Zergling x6  
  164  13:02  Hatchery  
  166  13:08  Zergling x12  
  172  13:12  Baneling  
  172  13:13  Baneling x8  
  172  13:14  Zergling x6  
  172  13:18  Zergling x2  
  172  13:19  Zergling x6  
  179  13:25  Chitinous Plating  
  179  13:29  Zergling x2  
  179  13:30  Zergling x14  
  187  13:44  Ultralisk  
  187  13:46  Zergling x14  
  197  14:12  Hatchery  
  195  14:23  Ultralisk x2  
  198  14:26  Adrenal Glands  
  186  14:32  Ultralisk  
  186  14:33  Zergling x2  
  186  14:34  Zergling x40  
  187  14:40  Ultralisk  
  187  14:45  Corruptor  
  175  14:47  Zergling x2  
  175  14:48  Zergling x8  
  181  15:03  Ultralisk  
  181  15:05  Zergling x4  
  181  15:06  Zergling x16  
  190  15:12  Corruptor  
  192  15:15  Baneling x2  
  192  15:16  Baneling x7  
  191  15:33  Corruptor x3  
  188  15:42  Drone x2  
  190  15:45  Zergling x2  
  190  15:46  Zergling x18  
  200  15:50  Greater Spire  
  200  16:03  Hatchery  
  199  16:10  Zergling x2  
  200  16:20  Baneling x20  
  200  16:37  Extractor  
  200  16:38  Zergling x2  
  200  16:52  Corruptor  
  200  16:53  Corruptor x4  
  194  17:09  Corruptor x3  
  177  17:17  Zergling x12  
  177  17:18  Zergling x50  
  197  17:22  Baneling  
  197  17:23  Baneling  
  197  17:26  Extractor, Zergling x2  
  197  17:27  Zergling x2  
  198  17:38  Zergling x4  
  189  18:03  Ultralisk x4  
  189  18:05  Zergling x32  
  184  18:06  Zergling x6  
  190  18:13  Ultralisk  
  190  18:15  Zergling x8  
  199  18:21  Spore Crawler  
  199  18:22  Spore Crawler  
  193  18:29  Zergling x2  
  193  18:30  Zergling x14  
  189  18:36  Spore Crawler  
  180  18:43  Drone x2  
  180  18:44  Queen  
  179  18:49  Corruptor x3  
  183  18:57  Ultralisk  
  183  18:59  Drone x3  
  183  19:00  Drone x4  
  188  19:11  Corruptor x2  
  186  19:19  Zergling x22  
  186  19:20  Zergling x2  
  197  19:33  Zergling x2  
  197  19:34  Zergling x2  
  197  19:36  Baneling x10  
  197  19:37  Baneling  
Tags
 
Add a new tag
Caveats
  • Supply blocks, unpowered buildings, or Contaminate may cause inaccurate times.
  • Supply counts are checked every 10 seconds.